 Dungeon Crawl Stone Soup version 0.28-a0-724-g66f9036eb4 (webtiles) character file.

Game seed: 17751464318266312319

232 kae the Chopper (level 6, -9/53 HPs)
             Began as a Hill Orc Cinder Acolyte on Oct 26, 2021.
             Was a High Priest of Ignis.
             Mangled by a hornet (12 damage)
             ... on level 4 of the Dungeon.
             The game lasted 00:03:54 (4673 turns).

kae the Chopper (Hill Orc Cinder Acolyte)           Turns: 4673, Time: 00:03:55

Health: -9/53      AC:  5    Str: 17    XL:     6   Next: 4%
Magic:  5/9        EV: 11    Int: 16    God:    Ignis [*****.]
Gold:   205        SH:  0    Dex:  6    Spells: 7/9 levels left

rFire   + + .      SeeInvis .   a - -1 hand axe (flame)
rCold   . . .      Faith    .   (no shield)
rNeg    . . .      Spirit   .   e - +1 leather armour {rF+}
rPois   .          Reflect  .   (no helmet)
rElec   .          Harm     .   (no cloak)
rCorr   .          Rampage  .   (no gloves)
Will    .....                   i - +0 pair of boots
Stlth   +.........              c - amulet of magic regeneration
HPRegen 0.17/turn               (no ring)
MPRegen 0.36/turn               (no ring)

@: lethally poisoned (-9 -> -19), very slightly contaminated, slowed, very slow
A: no striking features
a: Renounce Religion, Sea of Fire, Foxfire Swarm, Rising Flame


You were on level 4 of the Dungeon.
You worshipped Ignis.
Ignis was extremely pleased with you.
You visited 1 branch of the dungeon, and saw 4 of its levels.

You collected 205 gold pieces.

Inventory:

Hand Weapons
 a - a -1 hand axe of flaming (weapon)
Armour
 b - a +1 robe
 e - a +1 leather armour of fire resistance (worn)
 i - a +0 pair of boots (worn)
Jewellery
 c - an amulet of magic regeneration (around neck)
 l - a ring of resist corrosion
Scrolls
 f - 3 scrolls of teleportation
 g - 3 scrolls of enchant armour
 n - 2 scrolls of fog
Potions
 d - 2 potions of curing
 h - a potion of degeneration
 j - a potion of heal wounds
 k - a potion of haste


   Skills:
 + Level 4.7 Fighting
 * Level 6.2 Axes
 + Level 2.1 Spellcasting
 + Level 4.3 Fire Magic


You had 7 spell levels left.
You knew the following spells:

 Your Spells              Type           Power      Damage    Failure   Level
a - Scorch                Fire           30%        2d7       6%          2

Your spell library contained the following spells:

 Spells                   Type           Power      Damage    Failure   Level


Dungeon Overview and Level Annotations

Branches:
Dungeon (4/15)
 Temple: D:4-7

Altars:
Okawaru
Ru


Message History

A hornet comes into view.
The hornet buzzes angrily.
You hear a shout! x2
A hornet is nearby!
A hornet is nearby!
Casting: Scorch (safe; 6% risk of failure)
Confirm with . or Enter, or press ? or * to list all spells.
Flames lash the hornet.
The hornet is lightly wounded.
The hornet's fire resistance burns away.
The hornet stings you but does no damage.
The hornet stings you.
You are poisoned.
You suddenly lose the ability to move!
You feel very sick. The hornet completely misses you. The hornet stings you!
You feel yourself slow down.
You feel sick.
The hornet is no longer more vulnerable to fire.
The hornet stings you.
You are more poisoned.
You feel as though you will be slow longer.
You can move again.
Casting: Scorch (safe; 6% risk of failure)
Confirm with . or Enter, or press ? or * to list all spells.
You miscast Scorch.
You are very lightly contaminated with residual magic.
Nothing appears to happen.
You feel very sick. The hornet stings you.
You feel as though you will be slow longer.
The hornet stings you!
* * * LOW HITPOINT WARNING * * *
You feel as though you will be slow longer.
Casting: Scorch (safe; 6% risk of failure)
Confirm with . or Enter, or press ? or * to list all spells.
Flames lash the hornet but do no damage.
* * * LOW HITPOINT WARNING * * *
You feel very sick. The hornet stings you!
You die...

##... #.... #### ###....
#######..### ########..<...
...........#####.......(.....
...........†........##.......
...............##########)...
#######.######## ##..).
#..#.#@# #..... #.###.#y..#
##..... #..#.####.# ##...###
#.###.# # ##..### # #..#.##
##..## # #.#.## ##..## #
#.### ##..## # #.. ##..## #
##. ##...# #


You could see a hornet.

Vanquished Creatures
  2 jellies (D:2)
  6 adders
  2 worms
  3 dart slugs
  2 orcs
  7 bats
  18 endoplasms
  2 giant cockroaches
  11 goblins
  6 hobgoblins
  4 jackals (D:1)
  7 quokkas
  4 ball pythons
  6 frilled lizards
  14 kobolds
  5 rats
99 creatures vanquished.

Vanquished Creatures (others)
  6 fungi (D:2)
  11 plants (D:2)
  11 toadstools (D:2)
28 creatures vanquished.

Grand Total: 127 creatures vanquished

Notes
Turn   | Place    | Note
-------+----------+-------------------------------------------
     0 | D:1      | kae the Hill Orc Cinder Acolyte began the quest for the
                  | Orb.
     0 | D:1      | Reached XP level 1. HP: 19/19 MP: 2/2
   293 | D:1      | Reached XP level 2. HP: 23/27 MP: 3/3
   733 | D:1      | Reached XP level 3. HP: 18/33 MP: 4/4
   736 | D:1      | Learned a level 2 spell: Scorch
  1738 | D:2      | Reached skill level 5 in Axes
  1851 | D:2      | Reached XP level 4. HP: 34/40 MP: 2/6
  2297 | D:2      | Reached XP level 5. HP: 47/47 MP: 2/7
  3206 | D:2      | Found a faded altar of an unknown god.
  3700 | D:3      | Reached skill level 6 in Axes
  4344 | D:4      | Found a sacrificial altar of Ru.
  4442 | D:4      | Found an iron altar of Okawaru.
  4630 | D:4      | Reached XP level 6. HP: 53/53 MP: 6/9
  4667 | D:4      | Noticed a hornet
  4669 | D:4      | Paralysed by a hornet for 3 turns
  4673 | D:4      | Mangled by a hornet

Illustrated notes

Levels and vault maps discovered:
D:1:      psy_arrival_spokes, layout_basic
D:2:      cheibrodos_fertilizer, layout_basic,
          shapermc_ecumenical_altar_hornbeckon, kennysheep_generic_room_4
D:3:      layout_loops_ring, chequers_serial_rivers_micro_e,
          kennysheep_cross_room, nrook_campfire
D:4:      layout_layer_cave, nicolae_ru_sacrificial_ziggurat,
          kennysheep_okawaru_gauntlet, serial_glass, glass_columns_c,
          glass_columns_a, minmay_small_thing

Skill      XL: |  1  2  3  4  5 |
---------------+----------------+-----
Fighting       | 4 |  4.7
Axes           | 5 6 |  6.2
Fire Magic     | 4 |  4.3
Spellcasting   | 2 |  2.1

Action                   |  1- 3 |  4- 6 || total
-------------------------+-------+-------++-------
Melee: Hand axe          |   109 |    56 ||   165
 Cast: Scorch            |    15 |    54 ||    69
  Use: Scroll            |     5 |     5 ||    10
Armor: Robe              |    18 |       ||    18
       Leather armour    |     9 |    28 ||    37
Dodge: Dodged            |    69 |    62 ||   131

Table legend: (Time is in decaauts)
 A = Elapsed time spent in this place.
 B = Non-inter-level travel time spent in this place.
 C = Inter-level travel time spent in this place.
 D = Time resting spent in this place.
 E = Time spent auto-exploring this place.
 F = Levels seen in this place.
 G = Mean time per level.
                   A        B        C        D        E       F      G
               +--------+--------+--------+--------+--------+-----+--------+
         Total |   4685 |   4558 |    127 |    338 |   3590 |   4 | 1171.2 |
       Dungeon |   4685 |   4558 |    127 |    338 |   3590 |   4 | 1171.2 |
               +--------+--------+--------+--------+--------+-----+--------+

Top non-repeatable levels by time:
     D:2: 1744 daAuts
     D:1: 1671 daAuts
     D:3: 798 daAuts
     D:4: 471 daAuts
